 Dungeon Crawl Stone Soup version 0.30-a0-852-g08b95dd62f (webtiles) character file.

Game seed: 830438299416446480

1574486 Monkooky the Wrestler (level 24, 103/218 HPs)
             Began as a Demigod Transmuter on Mar 4, 2023.
             Escaped with the Orb
             ... and 3 runes on Mar 5, 2023!
             The game lasted 04:12:11 (74579 turns).

Monkooky the Wrestler (Demigod Transmuter)         Turns: 74579, Time: 04:12:12

Health: 103/218    AC: 37    Str: 32    XL:     24   Next: 14%
Magic:  42/42      EV: 21    Int: 31    God:
Gold:   357        SH:  5    Dex: 18    Spells: 3/43 levels left

rFire   + + .      SeeInvis +      - Unarmed
rCold   + . .      Faith    .    (shield currently unavailable)
rNeg    . . .      Spirit   .    D - +11 shadow dragon scales "Yrefoet" {rCorr SInv Stlth++++}
rPois   .          Reflect  +    x - +2 hat {Will+}
rElec   +          Rampage  .    E - +2 cloak {rCorr}
rCorr   +                        g - melded +2 pair of gloves
Will    +++..                    q - +2 pair of boots
Stlth   ++                       G - amulet of Zinwap {Reflect rElec rF+ rC+ Str-2 SH+5}
HPRegen 0.56/turn                C - ring "Cumash" {EV+5 Int+3}
MPRegen 0.28/turn                m - ring of Xom's Bemusement {Fly rF+ Int+6}

@: blade hands, flying, studying 2 skills
A: high MP 1, forlorn, divine attributes, agile 1, evolution 1
0: Orb of Zot
}: 3/15 runes: decaying, serpentine, silver
a: End Transformation


You escaped.
You had blades for hands.
You visited 9 branches of the dungeon, and saw 47 of its levels.
You visited the Abyss 2 times.

You collected 5784 gold pieces.
You spent 5427 gold pieces at shops.

Inventory:

Missiles
 M - a throwing net
 R - 12 curare-tipped darts
Armour
 g - a +2 pair of gloves (melded)
 q - a +2 pair of boots (worn)
 x - a +2 hat of willpower (worn)
 D - the +11 shadow dragon scales "Yrefoet" (worn) {rCorr SInv Stlth++++}
   (You took it off a deep elf blademaster on level 4 of the Depths)

   SInv:      It lets you see invisible.
   rCorr:     It protects you from acid and corrosion.
   Stlth:     It makes you much more stealthy.
 E - a +2 cloak of preservation (worn)
Jewellery
 m - the ring of Xom's Bemusement (right blade hand) {Fly rF+ Int+6}
   (You took it off a spriggan berserker on level 1 of the Depths)

   [ring of intelligence]

   Int:       It affects your intelligence (+6).
   rF:        It protects you from fire.
   Fly:       It grants you flight.
 C - the ring "Cumash" (left blade hand) {EV+5 Int+3}
   (You bought it in a shop on level 7 of the Dungeon)

   [ring of evasion]

   EV:        It affects your evasion (+5).
   Int:       It affects your intelligence (+3).
 G - the amulet of Zinwap (around neck) {Reflect rElec rF+ rC+ Str-2 SH+5}
   (You bought it in a shop on level 7 of the Dungeon)

   [amulet of reflection]

   It reflects blocked missile attacks.
   Str:       It affects your strength (-2).
   rF:        It protects you from fire.
   rC:        It protects you from cold.
   rElec:     It insulates you from electricity.
   SH:        It affects your SH (+5).
 H - a ring of willpower
 I - the ring of Okawaru's Generosity {rElec rPois rCorr Dex+6}
   (You took it off a yaktaur on level 5 of the Vaults)

   [ring of dexterity]

   Dex:       It affects your dexterity (+6).
   rElec:     It insulates you from electricity.
   rPois:     It protects you from poison.
   rCorr:     It protects you from acid and corrosion.
 J - a ring of protection from cold
 T - the ring of Homen {EV+5 Dex+2}
   (You bought it in a shop on level 7 of the Dungeon)

   [ring of evasion]

   EV:        It affects your evasion (+5).
   Dex:       It affects your dexterity (+2).
 W - the ring of Shadows {Umbra +Inv Stlth+}
   (You found it on level 2 of the Depths)

   [ring of stealth]

   Umbra:     It surrounds you with an aura of shadow, increasing your stealth
   and reducing the accuracy of all others within it.
   +Inv:      It lets you turn invisible.
   Stlth:     It makes you more stealthy.
Wands
 d - a wand of acid (13)
 u - a wand of mindburst (27)
 y - a wand of polymorph (54)
 F - a wand of flame (104)
 K - a wand of paralysis (35)
 V - a wand of digging (14)
 Y - a wand of iceblast (25)
Scrolls
 a - a scroll of fear
 j - 11 scrolls of fog
 k - 3 scrolls of vulnerability
 l - 12 scrolls of amnesia
 o - 2 scrolls of teleportation
 t - 9 scrolls of poison
 v - 9 scrolls of immolation
 w - 2 scrolls of enchant armour
 A - 3 scrolls of magic mapping
Potions
 b - 11 potions of lignification
 c - 2 potions of magic
 e - 4 potions of brilliance
 h - 10 potions of flight
 i - 19 potions of curing
 n - 4 potions of attraction
 s - 5 potions of might
 z - 4 potions of mutation
 B - 11 potions of invisibility
 L - 2 potions of ambrosia
 N - a potion of berserk rage
 P - 2 potions of resistance
 Q - a potion of cancellation
 X - a potion of haste
Miscellaneous
 p - a condenser vane
 r - a phial of floods
 S - a phantom mirror
 Z - a tin of tremorstones (2/2)


   Skills:
 - Level 18.4 Fighting
 + Level 12.6 Armour
 + Level 11.6 Dodging
 - Level 6.0 Stealth
 - Level 24.0 Unarmed Combat
 - Level 10.0 Spellcasting
 - Level 20.0 Translocations
 - Level 12.1 Transmutations
 - Level 5.4 Ice Magic
 - Level 7.4 Air Magic
 - Level 6.5 Earth Magic
 - Level 6.3 Evocations


You had 3 spell levels left.
You knew the following spells:

 Your Spells              Type           Power      Damage    Failure   Level
a - Statue Form           Tmut/Erth      43%        N/A       77%         6
b - Wereblood             Tmut           74%        N/A       7%          2
c - Ice Form              Ice/Tmut       63%        N/A       26%         4
d - Vhi's Electric Charg  Tloc/Air       100%       N/A       7%          3
e - Blade Hands           Tmut           37%        N/A       21%         5
f - Manifold Assault      Tloc           96%        N/A       4%          4
g - Dispersal             Tloc           48%        N/A       11%         6
h - Lesser Beckoning      Tloc           100%       N/A       3%          2
i - Disjunction           Tloc           48%        N/A       61%         8

Your spell library contained the following spells:

 Spells                   Type           Power      Damage    Failure   Level
 Apportation              Tloc           100%       N/A       3%          1
 Gell's Gravitas          Tloc           96%        N/A       3%          3
 Teleport Other           Tloc           96%        N/A       3%          3
 Beastly Appendage        Tmut           100%       N/A       6%          1
 Portal Projectile        Hex/Tloc       100%       N/A       12%         3
 Kindle Blastsparks       Fire/Tloc/Air  100%       2d18      13%         3
 Freeze                   Ice            100%       1d10      16%         1
 Spider Form              Tmut/Pois      52%        N/A       24%         3
 Poisonous Vapours        Pois/Air       76%        N/A       28%         2
 Static Discharge         Conj/Air       76%        2-6/arc   28%         2
 Frozen Ramparts          Ice            98%        1d15      28%         3
 Ensorcelled Hibernation  Hex/Ice        64%        N/A       34%         2
 Cigotuvi's Dreadful Rot  Necr/Pois/Air  60%        N/A       36%         2
 Ignite Poison            Fire/Tmut/Pois 40%        N/A       36%         3
 Stone Arrow              Conj/Erth      70%        3d11      43%         3
 Kiss of Death            Conj/Necr      60%        2d10      47%         1
 Magic Dart               Conj           60%        1d6       47%         1
 Hailstorm                Conj/Ice       32%        3d8       47%         3
 Mephitic Cloud           Conj/Pois/Air  30%        N/A       50%         3
 Call Imp                 Summ           15%        N/A       56%         2
 Searing Ray              Conj           30%        2d5       56%         2
 Dazzling Flash           Conj/Hex       30%        N/A       75%         3
 Inner Flame              Hex/Fire       15%        N/A       75%         3
 Summon Guardian Golem    Hex/Summ       15%        N/A       75%         3
 Tukima's Dance           Hex            15%        N/A       75%         3
 Iskenderun's Mystic Bla  Conj/Tloc      67%        2d14      21%         4
 Airstrike                Air            28%        2d(5-21)  32%         4
 Lee's Rapid Deconstruct  Erth           27%        3d14*     63%         5
 Summon Lightning Spire   Summ/Air       38%        N/A       67%         4
 Alistair's Intoxication  Tmut/Pois      34%        N/A       69%         5
 Irradiate                Conj/Tmut      26%        3d20      69%         5
 Animate Armour           Summ/Erth      70%        N/A       71%         4
 Leda's Liquefaction      Hex/Erth       17%        N/A       71%         4
 Summon Ice Beast         Ice/Summ       32%        N/A       77%         4
 Arcjolt                  Conj/Air       19%        1d29      89%         5
 Lightning Bolt           Conj/Air       19%        1d33      89%         5
 Silence                  Hex/Air        19%        N/A       89%         5
 Dragon Form              Tmut           37%        N/A       89%         7
 Borgnjor's Vile Clutch   Necr/Erth      17%        N/A       92%         5
 Anguish                  Hex/Necr       7%         N/A       96%         4
 Animate Dead             Necr           15%        N/A       96%         4
 Flame Wave               Conj/Fire      15%        2d7       96%         4
 Fulminant Prism          Conj/Hex       7%         3d6       96%         4
 Olgreb's Toxic Radiance  Pois           15%        N/A       96%         4
 Sticky Flame             Conj/Fire      15%        2d4       96%         4
 Eringya's Noxious Bog    Tmut/Pois      26%        N/A       98%         6
 Agony                    Necr           15%        N/A       100%        5
 Iron Shot                Conj/Erth      17%        9d4       100%        6
 Orb of Destruction       Conj           7%         9d6       100%        7
 Ozocubu's Refrigeration  Ice            24%        4d12      100%        7
 Spellforged Servitor     Conj/Summ      7%         N/A       100%        7
 Ignition                 Fire           7%         3d5       100%        8
 Lehudib's Crystal Spear  Conj/Erth      17%        10d5      100%        8


Dungeon Overview and Level Annotations

Branches:
Dungeon (15/15)            Temple (0/1) D:6            Lair (5/5) D:9
  Swamp (4/4) Lair:2        Snake (4/4) Lair:3        Slime (0/5) Lair:4
    Orc (2/2) D:11            Elf (3/3) Orc:2        Vaults (5/5) D:14
  Crypt (0/3) Vaults:2     Depths (4/4) D:15            Zot (5/5) Depths:4

Shops:
D:7 ==*   D:9 *   D:10 *   D:12 !   D:13 :   Orc:2 !(=?   Elf:1 :[[*   Elf:2 [
Vaults:2 (   Depths:1 =::(   Depths:2 [(

Portals:
Hell: Depths:1 Depths:2 Depths:3 Depths:4
Abyss: Lair:5 Snake:1 Depths:2 Depths:3
Pandemonium: Depths:2
Ziggurat: Depths:3

Annotations:
D:12 exclusion: downstairs
D:13 exclusion: 2 downstairs
Swamp:4 1 runed translucent door, Duck's ghost, adept MiBe
Elf:2 3 runed translucent doors
Vaults:5 Boris
Depths:3 3 transporters
Zot:4 2 transporters
Zot:5 1 runed translucent door, Rudyous's ghost, veteran MiFi


Innate Abilities, Weirdness & Mutations

You have blades for hands.
Your spellcasting is less reliable in this form.
You are incapable of wielding weapons or throwing items.
You have an increased reservoir of magic. (+10% MP)
You shall have no god before yourself.
Your divine heritage dramatically boosts your attributes as you level up.
You are agile. (Dex +4, Str/Int -1)
You have hidden genetic potential.


Message History

This square is covered in magical glow.
The rock shatters into small pieces.
Aiming: Dig
Press: ? - help, Shift-Dir - straight line A rock wall.
This square is covered in magical glow.
The rock shatters into small pieces.
Aiming: Dig
Press: ? - help, Shift-Dir - straight line A rock wall.
This square is covered in magical glow.
The rock shatters into small pieces.
A daeva comes into view.
It is wielding a +3 eudemon blade of holy wrath.
The daeva hits you with a +3 eudemon blade of holy wrath!
The daeva hits you with a +3 eudemon blade of holy wrath.
The daeva hits you with a +3 eudemon blade of holy wrath.
The daeva hits you with a +3 eudemon blade of holy wrath!
The daeva attacks as you move away!
The daeva hits you with a +3 eudemon blade of holy wrath.
You block the daeva's attack.
The daeva calls down the wrath of the Shining One upon you.
The Shining One smites you!
A chaos spawn comes into view.
The daeva calls down the wrath of the Shining One upon you.
The Shining One smites you!
The daeva calls down the wrath of the Shining One upon you.
The Shining One smites you!
The daeva calls down the wrath of the Shining One upon you.
The Shining One smites you!
An orange demon comes into view.
The teleport trap disappears.
The orange demon disappears!
A Brimstone Fiend comes into view.
The daeva calls down the wrath of the Shining One upon you.
The Shining One smites you!
There is a staircase leading out of the dungeon here.
The daeva calls down the wrath of the Shining One upon you.
The Shining One smites you! The Brimstone Fiend gestures at you.
The sphere of damnation explodes!
The damnation engulfs you!!
You have escaped!

#... #### #####
##### ##### # #...#
#...# #...# # #.⌠.#
#...# #.^.# #
#...###...###...###
#.........§........
#.@.4..............
#.......A..........
#...###...###...###
#.⌠.# #.^.# #...# #
#..1# #...# #...# #
##### ##### ##### #
########## #######
#.#..##..# #.....#


You could see a daeva, a Brimstone Fiend and a chaos spawn.

Vanquished Creatures
  3 dread liches
  3 ancient liches
  5 orbs of fire (Zot:5)
  Mara (Snake:4)
  Sojobo (Vaults:4)
  Boris (Vaults:3)
  4 Killer Klowns
  A shard shrike (shapeshifter) (Depths:4)
  Vashnia (Snake:2)
  Margery (Vaults:4)
  A curse toe (Zot:5)
  5 golden dragons
  The ghost of cforsyth the Metallomancer, an adept DEEE of Vehumet (Vaults:3)
  A profane servitor (Snake:1)
  Nikola (Snake:4)
  A Tzitzimitl (Depths:2)
  2 bone dragons (Depths:4)
  A doom hound (Depths:4)
  9 tentacled monstrosities
  Zenata (Elf:1)
  2 hellephants (Depths:4)
  3 electric golems (Zot:5)
  Rupert (D:14)
  2 deep elf blademasters
  3 liches
  3 deep elf master archers
  6 titans (Vaults:5)
  25 Orb Guardians
  8 quicksilver dragons
  A tentacled starspawn (Abyss:3)
  The ghost of Ithuojuani the Wrestler, an adept TrMo of Jiyva (Snake:1)
  A death cob (Zot:1)
  Agnes (D:14)
  6 tengu reavers
  10 storm dragons
  2 sphinxes (Vaults:5)
  Donald (Snake:4)
  A thorn hunter (Swamp:3)
  14 shadow dragons
  7 nagarajas
  2 iron dragons
  4 fire giants
  The ghost of Uvorix the Fencer, a journeyman DrRe of Okawaru (Snake:2)
  26 vault wardens
  7 fenstrider witches
  11 frost giants
  3 draconian scorchers (Zot:1)
  A draconian knight (Depths:4)
  A ghost moth (Zot:5)
  Aizul (Snake:4)
  2 draconian stormcallers
  Louise (Snake:4)
  5 deep elf sorcerers
  2 draconian annihilators (Zot:2)
  An orc warlord (Vaults:1)
  4 draconian shifters
  A spriggan defender (Depths:2)
  3 deep elf elementalists (Elf:3)
  16 ironbound preservers
  2 reapers
  3 ghouls (Swamp:4)
  19 very ugly things
  12 stone giants
  7 vampire knights
  8 ironbound thunderhulks
  10 deep elf demonologists
  Nessos (D:14)
  10 eleionomae
  9 green draconians
  5 white draconians
  9 red draconians
  A putrid mouth (Depths:4)
  5 black draconians
  5 yellow draconians
  7 spark wasps
  6 deep elf annihilators
  Azrael (Elf:1)
  7 bunyips
  4 purple draconians
  An eidolon (Vaults:2)
  20 dire elephants
  3 blizzard demons
  7 deep elf high priests
  An ettin (shapeshifter) (Vaults:5)
  Josephine (D:11)
  9 ettins
  4 shambling mangroves
  A crystal guardian (Vaults:2)
  A quicksilver dragon zombie (Vaults:4)
  4 deep elf death magi (Elf:3)
  2 green deaths
  2 entropy weavers (shapeshifter)
  3 jiangshi (Depths:2)
  15 yaktaur captains
  8 fire dragons
  9 rakshasas
  An entropy weaver (Vaults:2)
  7 great orbs of eyes
  14 hydras
  Erolcha (D:9)
  A peacekeeper (Vaults:2)
  4 ogre magi
  37 vault guards
  6 spriggan air magi
  6 ice dragons
  2 salamander tyrants
  9 ironbound frosthearts
  10 alligators
  3 two-headed ogres
  Erica (Orc:1)
  A jorogumo (shapeshifter) (Depths:3)
  2 hell beasts
  15 dancing weapons
  A catoblepas (Lair:5)
  2 boulder beetles
  22 anacondas
  2 centaur warriors
  8 tengu warriors
  A titan zombie (Depths:1)
  A death knight (Vaults:2)
  3 deep troll shamans (Depths:4)
  3 orc high priests (Orc:2)
  9 naga warriors
  A satyr (shapeshifter) (Vaults:5)
  3 deep troll earth magi
  6 hell hogs
  8 spriggan berserkers
  3 vampire magi
  Urug (D:14)
  21 naga sharpshooters
  7 shock serpents
  Sonja (D:10)
  3 skysharks
  10 deep elf knights
  4 sun demons
  6 thrashing horrors
  19 hell knights
  5 shadow wraiths
  A skyshark (shapeshifter) (Vaults:5)
  A wretched star (Snake:1)
  5 soul eaters
  A sixfirhy (Swamp:4)
  2 fire crabs (shapeshifter)
  4 salamander mystics
  5 iron trolls
  6 goliath frogs
  A titan skeleton (Depths:1)
  A goliath frog (shapeshifter) (Lair:5)
  Lodul (D:12)
  2 bog bodies (Swamp:2)
  43 deep trolls
  4 spriggan druids
  2 sea snakes (Snake:1)
  6 glowing orange brains
  4 swamp dragons
  A deep troll (shapeshifter) (Vaults:5)
  7 naga ritualists
  13 wizards
  2 flayed ghosts
  9 deep elf archers
  3 shadow demons (Depths:2)
  4 orange crystal statues
  2 death drakes
  7 necromancers
  5 phantasmal warriors
  Pikel (D:5)
  A lindwurm (shapeshifter) (Elf:2)
  21 deep elf pyromancers
  10 orc sorcerers
  16 deep elf zephyrmancers
  9 mana vipers
  18 ironbound convokers
  8 lindwurms
  A shining eye (shapeshifter) (Vaults:4)
  2 tengu skeletons
  4 orc knights (Orc:2)
  58 ugly things
  2 large abominations (Abyss:3)
  2 cyclopes
  3 manticores (D:14)
  A shadow dragon skeleton (Depths:2)
  A fire giant zombie (Vaults:4)
  2 worldbinders
  A moth of wrath (shapeshifter) (Vaults:5)
  6 will-o-the-wisps
  16 salamanders
  A centaur zombie (D:15)
  A rust devil (Depths:2)
  19 moths of wrath
  5 guardian serpents
  39 black mambas
  3 fire giant skeletons
  18 naga magi
  7 smoke demons
  18 vault sentinels
  3 elephants (Lair:2)
  A torpor snail (Lair:5)
  An orange demon (Swamp:4)
  9 cane toads
  A hellion (Depths:1)
  2 yaktaur zombies
  3 gargoyles
  11 komodo dragons
  5 rime drakes
  2 unseen horrors
  2 centaur skeletons (D:15)
  35 yaktaurs
  An efreet (D:15)
  4 freezing wraiths
  A komodo dragon (shapeshifter) (Vaults:5)
  A tengu conjurer (Depths:4)
  2 tormentors
  A yaktaur (shapeshifter) (D:8)
  5 ancient zymes
  A polar bear (Lair:4)
  2 bloated husks (Swamp:2)
  11 tyrant leeches
  A queen bee (D:10)
  8 trolls
  11 hornets
  19 blink frogs
  A sphinx simulacrum (Depths:1)
  4 raiju
  2 stone giant simulacra
  A fire giant simulacrum (Vaults:3)
  3 dream sheep (Lair:5)
  27 slime creatures
  A culicivora (Vaults:2)
  2 shadows
  2 water elementals
  3 ynoxinuls
  10 spriggans
  5 air elementals
  2 elf skeletons (Vaults:4)
  A hog (shapeshifter) (Depths:3)
  15 yaks
  5 wyverns
  A vampire (D:13)
  2 golden eyes (shapeshifter)
  7 wraiths
  5 basilisks
  16 humans
  A steam dragon (D:8)
  5 fire elementals
  6 vampire mosquitoes
  2 neqoxecs (Swamp:4)
  A redback simulacrum (D:15)
  2 chaos spawn
  A redback (Vaults:2)
  30 nagas
  2 wargs (Orc:2)
  A harpy simulacrum (D:15)
  16 swamp worms
  12 water moccasins
  An acid dragon (D:12)
  2 hell hounds (Elf:1)
  A glowing shapeshifter skeleton (Depths:2)
  2 sky beasts
  A floating eye (shapeshifter) (Elf:3)
  17 orc warriors
  An ice beast (D:7)
  2 swamp drakes
  3 boggarts (Vaults:1)
  7 ogres
  8 centaurs
  3 black bears
  2 human skeletons
  9 starcursed masses (Abyss:3)
  8 wolves
  6 kobold brigands
  2 phantoms
  11 bullfrogs
  5 scorpions
  12 small abominations
  2 earth elementals
  4 wights (D:9)
  24 killer bees
  4 howler monkeys
  2 electric eels (Snake:1)
  2 hounds
  4 jellies
  3 orc priests
  A gnoll bouda (D:7)
  2 sleepcaps (D:6)
  2 iguanas (D:4)
  26 orc wizards
  6 hell rats (Lair:5)
  5 gnolls
  6 adders
  A shadow imp (D:5)
  A white imp (D:7)
  An ufetubus (D:4)
  A dart slug (D:2)
  71 orcs
  8 endoplasms
  4 giant cockroaches
  4 goblins
  8 hobgoblins
  3 jackals (D:3)
  3 quokkas
  3 ball pythons
  2 bats (D:3)
  3 frilled lizards
  29 kobolds
  7 rats
  2 starspawn tentacles (Abyss:3)
1846 creatures vanquished.

Vanquished Creatures (others)
  A wizard (Vaults:4)
  A tyrant leech (Swamp:4)
  3 bloated husks
  2 hornets (Swamp:4)
  2 orc priests (Orc:2)
  An orc (Orc:2)
  A kobold (D:9)
  A bush (Lair:5)
  12 foxfires
  34 fungi
  49 plants
  2 starspawn tentacles (Abyss:3)
109 creatures vanquished.

Grand Total: 1955 creatures vanquished

Notes
Turn   | Place    | Note
-------+----------+-------------------------------------------
     0 | D:1      | Monkooky the Demigod Transmuter began the quest for the
                  | Orb.
     0 | D:1      | Reached XP level 1. HP: 15/15 MP: 5/5
   170 | D:1      | Reached skill level 3 in Unarmed Combat
   215 | D:1      | Reached XP level 2. HP: 17/22 MP: 5/7
   918 | D:2      | Learned a level 2 spell: Wereblood
   997 | D:2      | Reached XP level 3. HP: 27/27 MP: 6/8
  2659 | D:4      | Noticed a scorpion
  2666 | D:4      | Reached XP level 4. HP: 16/34 MP: 9/11
  2686 | D:4      | Reached XP level 5. HP: 16/39 MP: 10/13
  2924 | D:3      | Learned a level 4 spell: Ice Form
  3111 | D:4      | Reached skill level 1 in Ice Magic
  3641 | D:5      | Entered Level 5 of the Dungeon
  3670 | D:5      | Noticed Pikel
  3693 | D:5      | Killed Pikel
  3694 | D:5      | Reached XP level 6. HP: 46/46 MP: 11/15
  3694 | D:5      | Reached XP level 7. HP: 51/51 MP: 11/16
  4283 | D:5      | Reached skill level 5 in Ice Magic
  4600 | D:6      | Reached skill level 4 in Unarmed Combat
  4602 | D:6      | Reached XP level 8. HP: 45/58 MP: 9/17
  4678 | D:6      | Reached skill level 5 in Unarmed Combat
  4965 | D:6      | Found a staircase to the Ecumenical Temple.
  5238 | D:7      | Found Meda's Jewellery Shop.
  5255 | D:7      | Reached skill level 6 in Unarmed Combat
  5339 | D:7      | Found Imucrixuvi's Assorted Antiques.
  5349 | D:7      | Bought a scroll labelled GUL QUXIEK for 25 gold pieces
  5349 | D:7      | Bought a glowing emerald potion for 22 gold pieces
  5349 | D:7      | Bought a scroll labelled AFIQIEBBOTZE for 25 gold pieces
  5349 | D:7      | Bought a transparent jade ring for 125 gold pieces
  5349 | D:7      | Identified the ring "Cumash" {EV+5 Int+3} (You bought it in
                  | a shop on level 7 of the Dungeon)
  5382 | D:7      | Found Ponom's Jewellery Shoppe.
  5681 | D:7      | Reached skill level 7 in Unarmed Combat
  5969 | D:7      | Found Ycwiv's Jewellery Shop.
  5992 | D:7      | Identified the +12 flail of Valiance {elec, rElec rCorr
                  | Int-3}
  6017 | D:7      | Reached skill level 1 in Fighting
  6408 | D:7      | Reached XP level 9. HP: 45/68 MP: 18/18
  6522 | D:8      | Noticed a yaktaur
  6540 | D:8      | Killed a yaktaur
  6546 | D:8      | HP: 3/70 [steam dragon/ball of steam (11)]
  6548 | D:8      | Gained mutation: You expend magic power (3 MP) to
                  | strengthen your wands. [potion of mutation]
  6548 | D:8      | Gained mutation: You are partially covered in iridescent
                  | scales. (AC +2) [potion of mutation]
  6548 | D:8      | Gained mutation: You have a somewhat thin skeletal
                  | structure. (Dex +2, Stealth+) [potion of mutation]
  6548 | D:8      | Gained mutation: You have large cloven feet. [potion of
                  | mutation]
  7059 | D:8      | Reached skill level 1 in Evocations
  7671 | D:9      | Found a staircase to the Lair.
  8378 | D:9      | Reached skill level 5 in Evocations
  8383 | D:9      | Noticed Erolcha
  8390 | D:9      | Killed Erolcha
  8391 | D:9      | Reached XP level 10. HP: 80/80 MP: 14/19
  8519 | D:9      | Found Ugodadou's Overcharged Wands.
  8661 | D:10     | Entered Level 10 of the Dungeon
  8707 | Lair:1   | Entered Level 1 of the Lair of Beasts
  9123 | Lair:1   | Reached skill level 5 in Transmutations
  9788 | Lair:2   | Reached skill level 8 in Unarmed Combat
  9941 | Lair:2   | Identified the ring of Ikoam {rElec Dex-3 SInv Stlth+}
 10062 | Lair:2   | Found a staircase to the Swamp.
 10140 | Lair:2   | Identified the +1 scale mail of Beogh's Envy {Regen+
                  | Stlth+}
 10225 | Lair:2   | Reached skill level 9 in Unarmed Combat
 10471 | Lair:2   | Noticed an elephant
 10474 | Lair:2   | Noticed an elephant
 10480 | Lair:2   | Killed an elephant
 10481 | Lair:2   | Noticed an elephant
 10486 | Lair:2   | Killed an elephant
 10493 | Lair:2   | Killed an elephant
 10929 | Lair:2   | Reached skill level 10 in Unarmed Combat
 10929 | Lair:2   | Reached XP level 11. HP: 85/85 MP: 20/20
 11443 | Lair:3   | Found a staircase to the Snake Pit.
 11824 | D:10     | Noticed Sonja
 11843 | D:10     | Killed Sonja
 11902 | D:10     | Found Xidapouj's General Store.
 12001 | D:7      | Bought a warped granite ring for 125 gold pieces
 12001 | D:7      | Identified the ring of Homen {EV+5 Dex+2} (You bought it in
                  | a shop on level 7 of the Dungeon)
 12236 | Lair:3   | Reached skill level 5 in Fighting
 12506 | Lair:3   | Noticed an eight-headed hydra
 12518 | Lair:3   | Killed an eight-headed hydra
 12793 | Lair:3   | Noticed a skyshark
 12805 | Lair:3   | Killed a skyshark
 12870 | Lair:3   | Noticed a skyshark
 12883 | Lair:3   | Killed a skyshark
 14102 | D:11     | Reached XP level 12. HP: 105/105 MP: 17/21
 14153 | D:11     | Found a staircase to the Orcish Mines.
 14314 | D:11     | Reached skill level 10 in Fighting
 14527 | D:11     | Noticed Josephine
 14538 | D:11     | Killed Josephine
 14803 | Orc:1    | Entered Level 1 of the Orcish Mines
 14985 | Orc:1    | Noticed Erica
 14985 | Orc:1    | You fall into a shaft and drop 1 floor!
 14985 | Orc:2    | Entered Level 2 of the Orcish Mines
 15141 | Orc:1    | Killed Erica
 15435 | Orc:2    | Found a staircase to the Elven Halls.
 16276 | Orc:2    | Found Boifis Taena's Distillery.
 16276 | Orc:2    | Found Tumuicwy's Magic Scroll Emporium.
 16278 | Orc:2    | Found Kaengiof's Weapon Boutique.
 16278 | Orc:2    | Found Xejikyag's Jewellery Emporium.
 16284 | Orc:2    | Bought a potion of haste for 120 gold pieces
 16284 | Orc:2    | Bought a potion of mutation for 96 gold pieces
 16284 | Orc:2    | Bought a potion of might for 48 gold pieces
 16284 | Orc:2    | Bought a potion of curing for 36 gold pieces
 16290 | Orc:2    | Bought a scroll of butterflies for 60 gold pieces
 16623 | D:12     | Found Utimoasa's Distillery.
 16635 | D:12     | Learned a level 6 spell: Statue Form
 16636 | D:12     | Bought a potion of resistance for 170 gold pieces
 16636 | D:12     | Bought a potion of invisibility for 136 gold pieces
 16944 | D:12     | Identified the +1 sling of True Grit {drain, rF+++ rC-
                  | Str+3 Int+3}
 17235 | D:12     | Reached XP level 13. HP: 122/122 MP: 21/23
 18001 | Lair:4   | Reached skill level 11 in Unarmed Combat
 18209 | Lair:4   | Found a staircase to the Slime Pits.
 19344 | Lair:5   | Entered Level 5 of the Lair of Beasts
 19364 | Lair:5   | Reached skill level 12 in Unarmed Combat
 19567 | Lair:5   | Identified a scroll of acquirement
 19613 | Lair:5   | Reached skill level 13 in Unarmed Combat
 20537 | Lair:5   | Reached skill level 1 in Earth Magic
 20628 | Lair:5   | Learned a level 3 spell: Vhi's Electric Charge
 20790 | Lair:5   | Found a one-way gate to the infinite horrors of the Abyss.
 21130 | Lair:5   | Reached XP level 14. HP: 129/129 MP: 16/24
 21389 | Lair:5   | Identified the +9 flail "Teidor" {vamp, Fly Str+3}
 21661 | D:13     | Noticed Lodul
 21671 | D:12     | Killed Lodul
 21672 | D:12     | Reached skill level 5 in Earth Magic
 22350 | D:13     | Identified the +4 great sword "Fusamuamm" {heavy, +Blink
                  | rPois}
 22393 | D:13     | Found Zetim's Book Shop.
 22401 | D:13     | Bought a book of Iron for 504 gold pieces
 22407 | D:13     | Learned a level 5 spell: Blade Hands
 22973 | Snake:1  | Entered Level 1 of the Snake Pit
 23449 | Snake:1  | Reached skill level 1 in Air Magic
 23720 | Snake:1  | Reached skill level 5 in Dodging
 23929 | Snake:1  | Reached skill level 10 in Transmutations
 24149 | Snake:1  | Gained mutation: Your body sometimes deteriorates upon
                  | taking damage. [mutagenic glow]
 24981 | Snake:1  | Found a transporter.
 24981 | Snake:1  | Noticed Ithuojuani's ghost (adept TrMo)
 24990 | Snake:1  | Acquired 875 gold pieces
 25007 | Snake:1  | Found a transporter.
 25018 | Snake:1  | Noticed a profane servitor
 25215 | Snake:2  | Noticed Vashnia
 25525 | Snake:2  | Killed Vashnia
 25925 | Snake:2  | Reached XP level 15. HP: 137/137 MP: 23/26
 26154 | Snake:2  | Reached skill level 5 in Spellcasting
 26290 | Snake:2  | Noticed Uvorix's ghost (journeyman DrRe)
 26296 | Snake:2  | Found a runed translucent door.
 27548 | Snake:3  | Noticed a nagaraja
 27552 | Snake:3  | Killed a nagaraja
 28252 | Snake:4  | Entered Level 4 of the Snake Pit
 28408 | Snake:4  | HP: 2/137 [guardian serpent (16)]
 28770 | Swamp:1  | Entered Level 1 of the Swamp
 28893 | D:7      | Bought the amulet of Zinwap {Reflect rElec rF+ rC+ Str-2
                  | SH+5} for 807 gold pieces
 29359 | Snake:4  | Noticed Aizul
 29375 | Snake:4  | Killed Aizul
 29557 | Snake:4  | Noticed Nikola
 29609 | Snake:4  | Killed Nikola
 29741 | Snake:4  | Reached skill level 14 in Unarmed Combat
 29777 | Snake:4  | Noticed Louise
 29780 | Snake:4  | Noticed Donald
 30069 | Abyss:2  | Cast into level 2 of the Abyss (Louise)
 30082 | Snake:4  | Escaped the Abyss
 30093 | Snake:4  | Killed Louise
 30099 | Snake:4  | Killed Donald
 30337 | Snake:4  | Noticed a nagaraja
 30337 | Snake:4  | Noticed a nagaraja
 30337 | Snake:4  | Noticed a nagaraja
 30337 | Snake:4  | Noticed a nagaraja
 30337 | Snake:4  | Noticed Mara
 30337 | Snake:4  | Noticed a nagaraja
 30338 | Snake:4  | Noticed a nagaraja
 31210 | Swamp:1  | Learned a level 4 spell: Manifold Assault
 31211 | Swamp:1  | You fall into a shaft and drop 1 floor!
 31227 | Swamp:2  | Reached skill level 15 in Unarmed Combat
 31562 | Swamp:1  | Reached skill level 5 in Translocations
 31846 | Swamp:1  | Reached XP level 16. HP: 126/145 MP: 29/29
 33882 | Swamp:4  | Entered Level 4 of the Swamp
 33969 | Swamp:4  | Lost mutation: You have a somewhat thin skeletal structure.
                  | (Dex +2, Stealth+) [mutagenic glow]
 34085 | Swamp:4  | Identified the +8 hand axe of Compulsion {heavy, *Noise
                  | Will+ Str+10 Dex-2}
 34104 | Swamp:4  | Identified the +5 hand axe "Hydrabane" {venom, Dex+3}
 34459 | Swamp:4  | Reached skill level 10 in Translocations
 34467 | Swamp:4  | Paralysed by a fenstrider witch for 5 turns
 34887 | Swamp:4  | Paralysed by a fenstrider witch for 5 turns
 34895 | Abyss:3  | Cast into level 3 of the Abyss (a wizard)
 34954 | Abyss:3  | Noticed a tentacled starspawn
 35011 | Abyss:3  | Killed a tentacled starspawn
 35087 | Abyss:3  | Reached skill level 16 in Unarmed Combat
 35088 | Abyss:3  | Noticed a lich
 35096 | Abyss:3  | Noticed an Executioner
 35100 | Swamp:4  | Escaped the Abyss
 35357 | Swamp:4  | Killed a lich
 35392 | Swamp:4  | Noticed a tentacled monstrosity
 35402 | Swamp:4  | Killed a tentacled monstrosity
 35511 | Swamp:4  | Reached XP level 17. HP: 148/151 MP: 25/30
 35732 | Swamp:4  | Found a runed translucent door.
 35735 | Swamp:4  | Noticed Duck's ghost (adept MiBe)
 35738 | Swamp:4  | Identified the +7 spear "Xeomid Quura" {pain, *Noise rC+
                  | Dex+5}
 35941 | Swamp:4  | Paralysed by a fenstrider witch for 3 turns
 36224 | Swamp:4  | Got a decaying rune of Zot
 36342 | Swamp:4  | Reached skill level 17 in Unarmed Combat
 36915 | Snake:4  | Noticed Monkooky's illusion
 36920 | Snake:4  | Killed Mara
 37966 | Snake:4  | Reached skill level 18 in Unarmed Combat
 38519 | Snake:4  | Got a serpentine rune of Zot
 38936 | D:14     | Noticed Nessos
 38936 | D:14     | Noticed Rupert
 38936 | D:14     | Noticed Urug
 38936 | D:14     | Found a gate to the Vaults.
 39065 | D:14     | Noticed Agnes
 39070 | D:14     | Killed Agnes
 39178 | D:14     | Identified the +7 long sword of Symmetry {freeze, rCorr
                  | Int+4}
 39179 | D:14     | Killed Nessos
 39350 | D:13     | Gained mutation: You are frail. (-10% HP) [mutagenic glow]
 39401 | D:13     | Lost mutation: You expend magic power (3 MP) to strengthen
                  | your wands. [potion of mutation]
 39401 | D:13     | Lost mutation: Your body sometimes deteriorates upon taking
                  | damage. [potion of mutation]
 39401 | D:13     | Lost mutation: You are frail. (-10% HP) [potion of
                  | mutation]
 39401 | D:13     | Lost mutation: You are partially covered in iridescent
                  | scales. (AC +2) [potion of mutation]
 39401 | D:13     | Gained mutation: You expend magic power (3 MP) to
                  | strengthen your wands. [potion of mutation]
 39467 | D:14     | Killed Urug
 39724 | D:14     | Reached skill level 19 in Unarmed Combat
 39730 | D:14     | Reached skill level 1 in Armour
 39951 | D:14     | Paralysed by Rupert for 4 turns
 39957 | D:14     | Killed Rupert
 40171 | Vaults:1 | Entered Level 1 of the Vaults
 40683 | Vaults:1 | Reached skill level 5 in Armour
 41309 | Vaults:1 | Reached XP level 18. HP: 159/159 MP: 24/31
 41899 | Elf:1    | Entered Level 1 of the Elven Halls
 41900 | Elf:1    | Found Luss's Antique Armour Boutique.
 41906 | Elf:1    | Bought a jewelled leather armour for 168 gold pieces
 41906 | Elf:1    | Identified the +3 leather armour of Elyvilon's Benevolence
                  | {rPois} (You bought it in a shop on level 1 of the Elven
                  | Halls)
 42060 | Elf:1    | Found Cog Acij's Armour Boutique.
 42148 | Elf:1    | Identified the +1 ring mail of Qaryddeng {Dex+2 Slay+3}
 42174 | Elf:1    | Noticed Azrael
 42186 | Elf:1    | Killed Azrael
 42324 | Elf:1    | Found Wecromiy's Assorted Antiques.
 42328 | Elf:1    | Paralysed by an air elemental for 1 turns
 42336 | Elf:1    | Bought a heavily runed chain mail for 313 gold pieces
 42336 | Elf:1    | Identified the +4 chain mail of Tempters {Fly} (You bought
                  | it in a shop on level 1 of the Elven Halls)
 42398 | Elf:1    | Paralysed by an air elemental for 1 turns
 42427 | Elf:1    | Noticed Zenata
 42435 | Elf:1    | Killed Zenata
 42654 | Elf:1    | Identified the +1 leather armour "Gukherghytz" {Regen+}
 42820 | Elf:1    | Paralysed by an air elemental for 1 turns
 42833 | Elf:1    | Reached skill level 15 in Fighting
 43060 | Elf:1    | Found Vupeuji's Book Emporium.
 43329 | Elf:1    | Got the Excursus on Creeping Reconstruction
 43446 | Elf:2    | Found Xyxkoet's Antique Armour Boutique.
 43849 | Elf:2    | Found a runed translucent gate.
 43850 | Elf:2    | Found a runed translucent gate.
 43850 | Elf:2    | Found a runed translucent gate.
 44111 | Elf:3    | Entered Level 3 of the Elven Halls
 45514 | Elf:3    | Noticed a Hell Sentinel
 45516 | Elf:3    | Identified the +2 war axe "Monkooky's Bane" {spect, *Noise
                  | Int+5 Dex+2}
 46142 | Elf:3    | Noticed a Hell Sentinel
 46293 | Elf:3    | Identified the ring "Nyakk" {rC+ Will- rCorr Str+4 SInv}
 46515 | Elf:3    | Identified the +12 broad axe "Xovvify" {flame, rF+ Str+2
                  | Int-5}
 46574 | Elf:3    | Identified the +5 ring mail of the Pleiades {rF+ MP+9
                  | Str+3}
 47112 | Elf:2    | Bought a black opal-studded plate armour for 1036 gold
                  | pieces
 47112 | Elf:2    | Identified the +8 plate armour "Moyghel" {rF+ rCorr} (You
                  | bought it in a shop on level 2 of the Elven Halls)
 48020 | Vaults:1 | Reached skill level 10 in Armour
 48222 | Vaults:2 | Reached XP level 19. HP: 160/170 MP: 29/32
 48343 | Vaults:2 | Found a staircase to the Crypt.
 49284 | Vaults:2 | Found Jiketer's Antique Weapon Emporium.
 50045 | Vaults:3 | Noticed Boris
 50061 | Vaults:3 | Killed Boris
 50101 | Vaults:3 | Paralysed by a great orb of eyes for 5 turns
 50365 | Vaults:3 | Reached skill level 20 in Unarmed Combat
 50469 | Vaults:3 | Identified the +0 flail of Hard Scrabble {drain, *Corrode
                  | rElec rF+ Will+}
 50601 | Vaults:3 | Found a large runed translucent door.
 50601 | Vaults:3 | Found a large runed translucent door.
 50601 | Vaults:3 | Noticed cforsyth's ghost (adept DEEE)
 51704 | Vaults:4 | Reached skill level 21 in Unarmed Combat
 52090 | Vaults:4 | Reached skill level 5 in Air Magic
 52156 | Vaults:4 | Gained mutation: You have hidden genetic defects. [a
                  | shining eye]
 52158 | Vaults:4 | Reached XP level 20. HP: 138/179 MP: 24/34
 52459 | Vaults:4 | Noticed Margery
 52462 | Vaults:4 | Killed Margery
 52718 | Vaults:4 | Noticed Sojobo
 52727 | Vaults:4 | Killed Sojobo
 53083 | Vaults:4 | Lost mutation: You have hidden genetic defects. [potion of
                  | mutation]
 53083 | Vaults:4 | Lost mutation: You have large cloven feet. [potion of
                  | mutation]
 53083 | Vaults:4 | Lost mutation: You expend magic power (3 MP) to strengthen
                  | your wands. [potion of mutation]
 53083 | Vaults:4 | Gained mutation: You have hidden genetic defects. [potion
                  | of mutation]
 53083 | Vaults:4 | Gained mutation: You are partially covered in iridescent
                  | scales. (AC +2) [potion of mutation]
 53083 | Vaults:4 | Gained mutation: You have a pair of small horns on your
                  | head. [potion of mutation]
 53084 | Vaults:4 | Lost mutation: You have a pair of small horns on your head.
                  | [potion of mutation]
 53084 | Vaults:4 | Lost mutation: You have hidden genetic defects. [potion of
                  | mutation]
 53084 | Vaults:4 | Gained mutation: Armour fits poorly on your strangely
                  | shaped body. [potion of mutation]
 53084 | Vaults:4 | Gained mutation: You have a pair of small horns on your
                  | head. [potion of mutation]
 53084 | Vaults:4 | Lost mutation: You have a pair of small horns on your head.
                  | [potion of mutation]
 53084 | Vaults:4 | Gained mutation: You are agile. (Dex +4, Str/Int -1)
                  | [potion of mutation]
 53085 | Vaults:4 | Lost mutation: You are partially covered in iridescent
                  | scales. (AC +2) [potion of mutation]
 53085 | Vaults:4 | Lost mutation: You are agile. (Dex +4, Str/Int -1) [potion
                  | of mutation]
 53085 | Vaults:4 | Lost mutation: Armour fits poorly on your strangely shaped
                  | body. [potion of mutation]
 53085 | Vaults:4 | Gained mutation: You are weak. (Str -2) [potion of
                  | mutation]
 53085 | Vaults:4 | Gained mutation: You expend magic power (3 MP) to
                  | strengthen your wands. [potion of mutation]
 53086 | Vaults:4 | Lost mutation: You expend magic power (3 MP) to strengthen
                  | your wands. [potion of mutation]
 53086 | Vaults:4 | Lost mutation: You are weak. (Str -2) [potion of mutation]
 53086 | Vaults:4 | Gained mutation: Your movements are slightly less
                  | encumbered by armour. (ER -2) [potion of mutation]
 53086 | Vaults:4 | Gained mutation: You have hidden genetic potential. [potion
                  | of mutation]
 53086 | Vaults:4 | Gained mutation: You have sharp toenails. [potion of
                  | mutation]
 53162 | Vaults:4 | Identified the +4 mace of Puarupot {flame, rF+ Stlth+}
 54538 | D:15     | Entered Level 15 of the Dungeon
 55350 | D:15     | Found a staircase to the Depths.
 55355 | Depths:1 | Entered Level 1 of the Depths
 55797 | Depths:1 | Found a gateway to Hell.
 56650 | Depths:1 | Identified the ring of Xom's Bemusement {Fly rF+ Int+6}
 56945 | Depths:1 | Found Coaj's Jewellery Shop.
 56945 | Depths:1 | Found Lagyfeos's Book Emporium.
 56946 | Depths:1 | Found Koofef's Book Emporium.
 57073 | Depths:1 | Found Toecufor's Weapon Boutique.
 57955 | Depths:2 | Found a one-way gate leading to the halls of Pandemonium.
 58359 | Depths:2 | Reached XP level 21. HP: 185/185 MP: 22/38
 58928 | Vaults:5 | Entered Level 5 of the Vaults
 58999 | Vaults:5 | Paralysed by a sphinx for 4 turns
 59038 | Vaults:5 | Gained mutation: You are partially covered in iridescent
                  | scales. (AC +2) [hidden potential]
 59052 | Vaults:5 | Reached skill level 10 in Spellcasting
 59207 | Vaults:5 | Noticed a dread lich
 59218 | Vaults:5 | Killed a dread lich
 59236 | Vaults:5 | Reached skill level 10 in Dodging
 59243 | Vaults:5 | Got a silver rune of Zot
 59534 | Vaults:5 | Noticed Boris
 59738 | Vaults:5 | Identified the +9 battleaxe "Ilavod" {heavy, Str+3}
 59741 | Vaults:5 | Identified the +0 plate armour "Picsocze" {Int+8}
 59741 | Vaults:5 | Noticed a dread lich
 59751 | Vaults:5 | Killed a dread lich
 60034 | Vaults:5 | Noticed an ancient lich
 60065 | Vaults:5 | Killed an ancient lich
 60483 | Vaults:5 | Identified the ring of Okawaru's Generosity {rElec rPois
                  | rCorr Dex+6}
 60489 | Vaults:5 | Identified the +0 rapier of the Traitor {antimagic, rElec
                  | Str-5 Dex+5}
 60545 | Vaults:5 | Noticed a golden dragon
 60552 | Vaults:5 | Killed a golden dragon
 61151 | Vaults:5 | Identified the +9 whip of Eternal Night {antimagic, *Rage
                  | rElec Int+5 Dex-3}
 61403 | Vaults:5 | Reached XP level 22. HP: 182/202 MP: 36/41
 61881 | Depths:2 | Found Xocipt's Antique Armour Boutique.
 61889 | Depths:2 | Found Rodeyb Ykusch's Weapon Shop.
 62278 | Depths:2 | Found the ring of Shadows {Umbra +Inv Stlth+}
 62290 | Depths:2 | Identified the +8 shadow dragon scales "Jinea" {rPois
                  | Stlth++++}
 62609 | Depths:2 | Reached skill level 1 in Stealth
 62923 | Depths:3 | Identified the +5 rapier "Hydrabane" {distort, rPois}
 63066 | Depths:3 | Gained mutation: Your spells are a little harder to cast,
                  | but a little more powerful. [hidden potential]
 63066 | Depths:3 | Lost mutation: You have hidden genetic potential. [hidden
                  | potential expressed]
 63078 | Depths:3 | Reached skill level 5 in Stealth
 63232 | Depths:3 | Found a one-way gateway to a ziggurat.
 63395 | Depths:3 | Found a transporter.
 63396 | Depths:3 | Noticed a juggernaut
 63439 | Depths:3 | Found a transporter.
 63439 | Depths:3 | Found a transporter.
 63441 | Depths:3 | Noticed a caustic shrike
 63441 | Depths:3 | Noticed a juggernaut
 63492 | Depths:3 | Found a transporter.
 63493 | Depths:3 | Found a transporter.
 63622 | Depths:4 | Entered Level 4 of the Depths
 64109 | Depths:4 | Identified the +0 longbow of Anxiety {drain, rPois Will+
                  | Str+3 Dex+2}
 64111 | Depths:4 | Identified the +4 lajatang of the Blessed Realm {protect,
                  | Int+2 Dex-4 Stlth+}
 64111 | Depths:4 | Identified the +11 shadow dragon scales "Yrefoet" {rCorr
                  | SInv Stlth++++}
 64117 | Depths:4 | a rockslime changed into a shard shrike
 64117 | Depths:4 | Noticed a shard shrike (glowing shapeshifter)
 64127 | Depths:4 | Killed a shard shrike
 64701 | Depths:4 | Found a gate to the Realm of Zot.
 64961 | Depths:4 | Reached skill level 22 in Unarmed Combat
 65945 | Zot:1    | Entered Level 1 of the Realm of Zot
 66738 | Depths:4 | Reached skill level 23 in Unarmed Combat
 67711 | Zot:1    | Reached XP level 23. HP: 203/211 MP: 34/42
 68873 | Snake:1  | Killed Ithuojuani's ghost
 69178 | D:13     | Bought a manual of Translocations for 1120 gold pieces
 69333 | Orc:2    | Bought a scroll of teleportation for 45 gold pieces
 69333 | Orc:2    | Bought a scroll of fog for 60 gold pieces
 69333 | Orc:2    | Bought a scroll of teleportation for 45 gold pieces
 69333 | Orc:2    | Bought a scroll of fear for 60 gold pieces
 69338 | Orc:2    | Bought a potion of heal wounds for 60 gold pieces
 69339 | Orc:2    | Lost mutation: Your spells are a little harder to cast, but
                  | a little more powerful. [potion of mutation]
 69339 | Orc:2    | Lost mutation: You have sharp toenails. [potion of
                  | mutation]
 69339 | Orc:2    | Gained mutation: You are frail. (-10% HP) [potion of
                  | mutation]
 69339 | Orc:2    | Gained mutation: You have hidden genetic potential. [potion
                  | of mutation]
 69339 | Orc:2    | Gained mutation: Your muscles are strong. (Str +4, Int/Dex
                  | -1) [potion of mutation]
 69340 | Orc:2    | Lost mutation: You are partially covered in iridescent
                  | scales. (AC +2) [potion of mutation]
 69340 | Orc:2    | Lost mutation: Your movements are slightly less encumbered
                  | by armour. (ER -2) [potion of mutation]
 69340 | Orc:2    | Lost mutation: Your muscles are strong. (Str +4, Int/Dex
                  | -1) [potion of mutation]
 69341 | Orc:2    | Lost mutation: You have hidden genetic potential. [potion
                  | of mutation]
 69341 | Orc:2    | Lost mutation: You are frail. (-10% HP) [potion of
                  | mutation]
 69341 | Orc:2    | Gained mutation: You are dopey. (Int -2) [potion of
                  | mutation]
 69341 | Orc:2    | Gained mutation: You are very dopey. (Int -4) [potion of
                  | mutation]
 69341 | Orc:2    | Gained mutation: You have hidden genetic potential. [potion
                  | of mutation]
 69342 | Orc:2    | Lost mutation: You are very dopey. (Int -4) [potion of
                  | mutation]
 69342 | Orc:2    | Lost mutation: You are dopey. (Int -2) [potion of mutation]
 69342 | Orc:2    | Gained mutation: Your spells are a little easier to cast,
                  | but a little less powerful. [potion of mutation]
 69342 | Orc:2    | Gained mutation: You have a pair of small horns on your
                  | head. [potion of mutation]
 69649 | Snake:2  | Killed Uvorix's ghost
 70193 | Depths:3 | Noticed a juggernaut
 70486 | Vaults:3 | Killed cforsyth's ghost
 70804 | D:12     | Bought a potion of resistance for 170 gold pieces
 70804 | D:12     | Bought a potion of curing for 51 gold pieces
 71235 | Zot:3    | Noticed a Killer Klown
 71239 | Zot:3    | Killed a Killer Klown
 71240 | Zot:3    | Reached skill level 24 in Unarmed Combat
 71373 | Zot:4    | Reached skill level 15 in Translocations
 71777 | D:15     | Learned a level 6 spell: Dispersal
 71780 | D:15     | Learned a level 2 spell: Lesser Beckoning
 71789 | D:15     | Learned a level 8 spell: Disjunction
 72004 | Zot:4    | Found a transporter.
 72004 | Zot:4    | Found a transporter.
 72051 | Zot:5    | Entered Level 5 of the Realm of Zot
 72129 | Zot:5    | Found a runed translucent door.
 72130 | Zot:5    | Noticed Rudyous's ghost (veteran MiFi)
 72279 | Zot:5    | Noticed a Killer Klown
 72284 | Zot:5    | Killed a Killer Klown
 72288 | Zot:5    | Noticed an ancient lich
 72293 | Zot:5    | Killed an ancient lich
 72797 | Zot:5    | Noticed an ancient lich
 72803 | Zot:5    | Killed an ancient lich
 72807 | Zot:5    | Noticed a Killer Klown
 72817 | Zot:5    | Killed a Killer Klown
 72818 | Zot:5    | Noticed an orb of fire
 72818 | Zot:5    | Noticed an orb of fire
 72820 | Zot:5    | Gained mutation: Potions are less effective at restoring
                  | your health. [an orb of fire]
 72824 | Zot:5    | Killed an orb of fire
 72829 | Zot:5    | Killed an orb of fire
 72840 | Zot:5    | Noticed an orb of fire
 72852 | Zot:5    | Lost mutation: Your spells are a little easier to cast, but
                  | a little less powerful. [an orb of fire]
 72854 | Zot:5    | Killed an orb of fire
 73107 | Zot:5    | Noticed an orb of fire
 73522 | Zot:5    | Noticed an orb of fire
 73530 | Zot:5    | Noticed a Killer Klown
 73534 | Zot:5    | Killed an orb of fire
 73540 | Zot:5    | Killed a Killer Klown
 73543 | Zot:5    | Noticed a dread lich
 73559 | Zot:5    | Killed a dread lich
 73786 | Zot:5    | Reached XP level 24. HP: 177/218 MP: 19/42
 73792 | Zot:5    | Killed an orb of fire
 73952 | Zot:5    | Got the Orb of Zot
 74067 | Zot:3    | Noticed Teludapnosm the pandemonium lord
 74078 | Zot:3    | Noticed Vig Pim the pandemonium lord
 74113 | Depths:4 | Lost mutation: Potions are less effective at restoring your
                  | health. [potion of mutation]
 74113 | Depths:4 | Lost mutation: You have a pair of small horns on your head.
                  | [potion of mutation]
 74113 | Depths:4 | Gained mutation: You are agile. (Dex +4, Str/Int -1)
                  | [potion of mutation]
 74579 | D:$      | Escaped with the Orb!

Illustrated notes

Levels and vault maps discovered:
D:1:      minmay_arrival_hallway, layout_loops_corners
D:2:      layout_loops_ring, glass_columns_a, kennysheep_generic_room_3
D:3:      layout_loops_ring, serial_co_window_serial,
          co_window_of_opportunity_a, co_window_cross_1,
          co_window_of_opportunity_a, co_window_of_opportunity_a,
          co_window_corner_a, co_window_broadway_c, co_window_2corner,
          co_window_of_opportunity_b, co_window_broadway_a, co_window_corner_b,
          co_window_paths_e, glass_columns_b, glass_columns_a, glass_columns_b
D:4:      layout_rooms, minitemple
D:5:      layout_rooms, ashenzari_altar_1, uniq_pikel
D:6:      layout_cave_pools, minmay_temple_entry_trees, item_on_display_a
D:7:      black_bear_nest_2, layout_loops_ring, serial_shops, shop_statue,
          nicolae_stop_n_shop_1, shop_fountains, nicolae_lakefront_shop
D:8:      layout_rooms, blue_anna_alchemist
D:9:      nicolae_cairo_tiling, layout_basic, lair_entry_dummy,
          nicolae_shop_overcharged_wands, uniq_erolcha
D:10:     layout_stronghold, serial_shops, shop_fountains, uniq_sonja
D:11:     layout_roguey [special_room_bee], hiddenorc2_lemuel, uniq_josephine
D:12:     layout_grid_maze, serial_shops, shop
D:13:     layout_rooms, serial_shops, nicolae_shop_crystal, uniq_lodul
D:14:     layout_loops_ring, david_vaults_3, serial_park_tiny_pond, uniq_agnes
D:15:     grunt_enter_depths_magical_seal, layout_basic, minmay_curled_crystal,
          uniq_nessos
Lair:1:   layout_gridlike, grunt_megastairs_5
Lair:2:   layout_cave_pods, minmay_swamp_entry_worms, infiniplex_staircase_pool
Lair:3:   layout_regular_city, dummy_snake_entry, lemuel_fruit_tree
Lair:4:   layout_layer_cave, minmay_slime_entry_pillars
Lair:5:   hellmonk_lair_end_abyssal_woods, layout_concentric_octagons,
          basic_altar, grunt_megastairs_3
Swamp:1:  nicolae_swamp_wrong_neighborhood, layout_basic_swamp,
          evilmike_swamp_ruin_rubble_2
Swamp:2:  layout_falls_marsh, evilmike_swamp_ruin_house_2
Swamp:3:  layout_basic_swamp, nicolae_swamp_triple_paths
Swamp:4:  nzn_swamp_witches_coven, layout_basic_swamp,
          ebering_ghost_funeral_grove, swamp_pool4,
          nicolae_swamp_orc_logging_accident
Snake:1:  layout_misc_corridors, gammafunk_ghost_abyssal_escape,
          serial_bayou_shore_a
Snake:2:  layout_rooms, hellmonk_ghost_happy_afterlife, uniq_vashnia
Snake:3:  layout_cave_town, library_closet
Snake:4:  grunt_snake_rune_serpentine_throne, layout_chambers, basic_altar,
          nicolae_snake_squiggles, hangedman_snake_wide_pillar_pass,
          serial_bayou_shore_b, uniq_donald, uniq_aizul, uniq_louise,
          uniq_nikola, uniq_mara
Orc:1:    layout_diamond_mine, minmay_orc_temple_c, uniq_erica
Orc:2:    grunt_orc_tribal_feast, layout_diamond_mine, basic_altar
Elf:1:    layout_gridlike, serial_shops, shop, nicolae_shop_trees,
          nicolae_shop_stone, nicolae_shop_behind_doors, evilmike_minifort,
          patterned_corridor, uniq_zenata, uniq_azrael
Elf:2:    nicolae_elf_blades_crystal_corner, layout_geoelf_octagon,
          serial_shops, nicolae_stop_n_shop_1, minivault_15
Elf:3:    elf_hall, layout_onion_city, basic_altar
Vaults:1: ontoclasm_vaults_tryst, vaults_room_hallway, dpeg_vaults_monster_box,
          v_alt_pattern_4, v_misc_30, nicolae_vaults_diagonal_hallway_7,
          v_misc_13, v_misc_9, v_misc_8, v_misc_29, layout_vaults_omnibox
Vaults:2: minmay_crypt_entry_simple_sparse, vaults_mumra_lcd,
          nicolae_vaults_network_periphery, nicolae_vaults_mini_display_case,
          v_misc_11, vaults_room_fancy_cross, v_alt_pattern_6, v_pattern_3,
          nicolae_vaults_circle_grid_a, nicolae_vaults_three_branches,
          nicolae_vaults_little_squares_2, vaults_room_semicircle, v_misc_14,
          layout_vaults_omnicross, serial_shops, nicolae_shop_hallway_plus
Vaults:3: advil_vaults_ghost_guards, vaults_room_pools,
          nicolae_vaults_circle_grid_b, grunt_vaults_swirl, v_alt_pattern_2,
          ontoclasm_vaults_twist, grunt_vaults_twisty,
          hangedman_vaults_restitches, nicolae_vaults_little_ls,
          v_alt_pattern_2, v_misc_10, nicolae_vaults_little_squares_1,
          nicolae_vaults_theta, nicolae_vaults_hallways_thing,
          nicolae_vaults_rhombus_5, nicolae_vaults_asterisk,
          layout_vaults_maze_snakey, uniq_boris
Vaults:4: grunt_vaults_hallway_long, v_rooms_1, ontoclasm_vaults_eye, v_misc_2,
          v_rooms_5, st_cross, ontoclasm_vaults_hangar, v_alt_pattern_1,
          v_rooms_2, vaults_room_door_ring, layout_vaults_omnigrid,
          uniq_margery, uniq_sojobo
Vaults:5: serial_shops
Depths:1: layout_forbidden_donut, hellmouth_3, serial_shops,
          nicolae_take_the_stairs, lemuel_statue_altar, minmay_protected_statue,
          minmay_shop_grove
Depths:2: regret_index_dithmenos_brocken_genspenst, layout_twisted_cross,
          pan_entry, nicolae_abyss_entry_one_way_or_another, hell_entry,
          infiniplex_staircase_hallway_doors, minmay_shoptagon,
          serial_bayou_shore_b
Depths:3: gammafunk_the_bubble [the_bubble_gammafunk_roulette],
          layout_cave_shapes, enter_ziggurat_e, hangedman_abyss_entry_splay,
          hell_entry, dk_noncrumbling_2, infiniplex_staircase_zigzag_2,
          serial_bayou_shore_b, serial_bayou_shore_b
Depths:4: grunt_zot_entry_gee_three, layout_gridlike, hellmouth_1,
          minmay_misc_feat_tiny, beargit_elvish_explorers
Zot:1:    layout_misc_corridors
Zot:2:    regret_index_qazlal_generations, layout_misc_corridors,
          hangedman_elemental_grid_stream
Zot:3:    kennysheep_six_static_rooms, layout_twisted_circle
Zot:4:    layout_gridlike, nicolae_diode_quadrants
Zot:5:    layout_misc_corridors, ebering_ghost_reflecting_pool

Skill      XL: |  1  2  3  4  5  6  7  8  9 10 11 12 13 14 15 16 17 18 19 20 21 22 23 |
---------------+----------------------------------------------------------------------+-----
Unarmed Combat | 3 4 7 10 13 15 16 19 21 23 24 | 24.0
Transmutations | 2 3 5 7 9 12 | 12.1
Spellcasting   | 3 4 6 7 10 | 10.0
Ice Magic      | 4 5 |  5.4
Translocations | 2 3 4 5 10 14 20 | 20.0
Fighting       | 2 4 9 13 15 18 | 18.4
Dodging        | 2 3 5 8 9 10 11 | 11.6
Evocations     | 6 |  6.3
Earth Magic    | 4 6 |  6.5
Air Magic      | 2 4 5 7 |  7.4
Armour         | 6 10 12 | 12.6
Stealth        | 6 |  6.0

Action                     |  1- 3 |  4- 6 |  7- 9 | 10-12 | 13-15 | 16-18 | 19-21 | 22-24 || total
---------------------------+-------+-------+-------+-------+-------+-------+-------+-------++-------
  Melee: Unarmed           |   104 |    50 |   218 |   563 |   846 |  1067 |  1289 |   899 ||  5036
         Kick              |    17 |    11 |    14 |    34 |   126 |   163 |       |       ||   365
         Punch             |     4 |     2 |     2 |     4 |    44 |   126 |   229 |   142 ||   553
         Headbutt          |    14 |    12 |     9 |       |       |       |       |    75 ||   110
         Whip              |       |     3 |    33 |       |       |       |       |       ||    36
         Flail             |       |       |    21 |       |       |       |       |       ||    21
  Throw: Dart              |       |       |       |       |     3 |       |       |       ||     3
         Throwing net      |       |       |       |       |     1 |       |       |       ||     1
   Cast: Beastly Appendage |    31 |    13 |    10 |       |       |       |       |       ||    54
         Ice Form          |       |     1 |    28 |    56 |    34 |       |       |       ||   119
         Wereblood         |       |       |     4 |    20 |    18 |    16 |    25 |    12 ||    95
         Vhi's Electric Ch |       |       |       |       |    86 |    86 |    49 |    56 ||   277
         Blade Hands       |       |       |       |       |    28 |    77 |   118 |    82 ||   305
         Statue Form       |       |       |       |       |    39 |    55 |       |       ||    94
         Manifold Assault  |       |       |       |       |       |    56 |    58 |   109 ||   223
         Lesser Beckoning  |       |       |       |       |       |       |       |    11 ||    11
         Dispersal         |       |       |       |       |       |       |       |     2 ||     2
         Disjunction       |       |       |       |       |       |       |       |     1 ||     1
Ability: Evoke Invisibilit |       |       |     2 |       |       |       |       |       ||     2
         End Transformatio |       |       |       |     1 |     3 |     3 |       |       ||     7
  Evoke: Wand              |       |     5 |     5 |    22 |     9 |     4 |     3 |    17 ||    65
         Phantom mirror    |       |       |       |     1 |     1 |     2 |       |     1 ||     5
         Tin of tremorston |       |       |       |       |     5 |     9 |     2 |     2 ||    18
         Condenser vane    |       |       |       |       |       |       |     3 |     4 ||     7
         Phial of floods   |       |       |       |       |       |       |     1 |       ||     1
    Use: Scroll            |       |       |     8 |    15 |    17 |     6 |     9 |    25 ||    80
         Potion            |       |       |     3 |     1 |     4 |     3 |    11 |    40 ||    62
   Stab: Sleeping          |     2 |       |       |     6 |     4 |       |       |     3 ||    15
         Distracted        |       |       |     1 |     1 |     1 |       |     1 |     1 ||     5
         Invisible         |       |       |     3 |       |       |       |       |       ||     3
         Paralysed         |       |       |       |    21 |       |       |       |       ||    21
         Confused          |       |       |       |       |       |       |       |     1 ||     1
 Armour: Robe              |    18 |     5 |     4 |       |    30 |    43 |       |       ||   100
         Skin              |       |     2 |    91 |    68 |   185 |   225 |       |       ||   571
         Ring mail         |       |       |    12 |       |       |       |       |       ||    12
         Steam dragon scal |       |       |     3 |       |       |       |       |       ||     3
         Scale mail        |       |       |       |    20 |     2 |       |       |       ||    22
         Chain mail        |       |       |       |       |       |    66 |       |       ||    66
         Plate armour      |       |       |       |       |       |    25 |   381 |    15 ||   421
         Shadow dragon sca |       |       |       |       |       |       |       |   345 ||   345
  Dodge: Dodged            |    61 |    35 |   202 |   588 |   933 |   956 |   701 |   668 ||  4144
  Block: Other             |       |       |       |       |    46 |   211 |   161 |   129 ||   547
         Reflection        |       |       |       |       |     3 |    17 |    11 |     2 ||    33

Table legend: (Time is in decaauts)
 A = Elapsed time spent in this place.
 B = Non-inter-level travel time spent in this place.
 C = Inter-level travel time spent in this place.
 D = Time resting spent in this place.
 E = Time spent auto-exploring this place.
 F = Levels seen in this place.
 G = Mean time per level.
                   A        B        C        D        E       F      G
               +--------+--------+--------+--------+--------+-----+--------+
         Total |  76082 |  67732 |   8350 |  15305 |  39237 |  49 | 1552.7 |
       Dungeon |  17873 |  15264 |   2609 |   1878 |  10758 |  15 | 1191.5 |
          Lair |   9168 |   8017 |   1151 |   1605 |   5404 |   5 | 1833.6 |
         Swamp |   6965 |   6781 |    184 |   1288 |   4328 |   4 | 1741.2 |
     Snake Pit |   9876 |   8988 |    888 |   2588 |   4621 |   4 | 2469.0 |
  Orcish Mines |   1790 |   1418 |    372 |    484 |    535 |   2 |  895.0 |
   Elven Halls |   5335 |   5089 |    246 |   1167 |   3035 |   3 | 1778.3 |
        Vaults |  11780 |  10700 |   1080 |   1765 |   6487 |   5 | 2356.0 |
        Depths |  10339 |   8680 |   1659 |   3492 |   3724 |   4 | 2584.8 |
           Zot |   2662 |   2506 |    156 |    967 |    343 |   5 |  532.4 |
         Abyss |    290 |    290 |      0 |     69 |      0 |   2 |  145.0 |
               +--------+--------+--------+--------+--------+-----+--------+

Top non-repeatable levels by time:
Depths:4: 4718 daAuts
 Snake:4: 3268 daAuts
Depths:1: 2701 daAuts
Vaults:4: 2599 daAuts
Vaults:5: 2562 daAuts
 Snake:3: 2512 daAuts
 Swamp:4: 2457 daAuts
 Snake:1: 2436 daAuts
Vaults:1: 2354 daAuts
   Elf:3: 2289 daAuts
Vaults:2: 2155 daAuts
    D:12: 2136 daAuts
Vaults:3: 2108 daAuts
  Lair:5: 2088 daAuts
  Lair:3: 2011 daAuts
